 Dungeon Sprint DCSS version 0.17-a0-2109-g117576f (webtiles) character file.

262702 Kidiri the Conqueror (level 19, -33/310 HPs)
             Began as a Minotaur Fighter on Oct 18, 2015.
             Was the Champion of Okawaru.
             Killed from afar by a red draconian annihilator (53 damage)
             ... with a crystal spear
             ... in the Dungeon (Sprint VII: "The Pits") on Oct 19, 2015.
             The game lasted 01:16:56 (10444 turns).

Kidiri the Conqueror (Minotaur Fighter)            Turns: 10444, Time: 01:16:56

Health: -33/310    AC: 53    Str: 44    XL:     19   Next: 23%
Magic:  35/35      EV: 27    Int:  3    God:    Okawaru [******]
Gold:   218        SH: 34    Dex: 16    Spells: 0 memorised, 18 levels left

rFire  + + .     SeeInvis +     v - +6 flail of Tolial {speed, *Noise MR+ Str+3}
rCold  + . .     Rnd*Rage +     p - +9 armour of the Dragon King {rPois rF+ rC+ MR+}
rNeg   + + .     SustAt   .     c - +3 large shield {reflect}
rPois  +         Gourm    .     y - +2 hat "Axte" {Dex+2}
rElec  +         Spirit   .     M - +2 cloak
rCorr  .         Warding  +     K - +0 pair of gloves of Qetwira {rF+ rC+ Regen+ Int-4}
rMut   .         NoTele   +     k - +2 pair of boots of Dishonesty {rElec rC- Int+4}
MR     +++..                    g - amulet "Vianel" {Ward rN+ Str+6}
Stlth  ..........               t - ring of Qarilu {rElec rN+ AC+4 Int-3 Dex+3}
                                W - ring of the Octopus King {AC+1 EV+1 Str+1 Int+1 Dex+1 SInv}

@: berserking (expiring), heroism, slowed, lost intelligence, extremely
resistant to hostile enchantments, extremely unstealthy
A: retaliatory headbutt, horns 2, berserk 1
a: Heroism, Finesse, Renounce Religion
}: 2/15 runes: silver, golden


You were in the Dungeon.
You worshipped Okawaru.
Okawaru was exalted by your worship.
You were full.

You visited 1 branch You collected 218 gold pieces.

Inventory:

Hand Weapons
 v - the +6 flail of Tolial (weapon) {speed, *Noise MR+ Str+3}
   (Okawaru gifted it to you in the Dungeon)

   Attacks with this weapon are significantly faster.
   It affects your strength (+3).
   It affects your resistance to hostile enchantments.
   It may make noises in combat.
 H - a +7 eveningstar of flaming
Missiles
 a - 7 javelins of penetration (quivered)
 J - 9 javelins of returning
 V - 7 javelins
Armour
 c - a +3 large shield of reflection (worn)
 k - the +2 pair of boots of Dishonesty (worn) {rElec rC- Int+4}
   (Okawaru gifted it to you in the Dungeon)

   It affects your intelligence (+4).
   It makes you vulnerable to cold.
   It insulates you from electricity.
 p - the +9 armour of the Dragon King (worn) {rPois rF+ rC+ MR+}
   (You found it in the Dungeon)

   It protects you from fire.
   It protects you from cold.
   It protects you from poison.
   It affects your resistance to hostile enchantments.
 y - the +2 hat "Axte" (worn) {Dex+2}
   (Okawaru gifted it to you in the Dungeon)

   It affects your dexterity (+2).
 K - the +0 pair of gloves of Qetwira (worn) {rF+ rC+ Regen+ Int-4}
   (You found it in the Dungeon)

   It affects your intelligence (-4).
   It protects you from fire.
   It protects you from cold.
   It increases your rate of regeneration.
 M - a +2 cloak (worn)
Jewellery
 g - the amulet "Vianel" (around neck) {Ward rN+ Str+6}
   (You found it in the Dungeon)

   [amulet of warding]

   It may prevent the melee attacks of summoned creatures.
   It affects your strength (+6).
   It protects you from negative energy.
 t - the ring of Qarilu (right hand) {rElec rN+ AC+4 Int-3 Dex+3}
   (You found it in the Dungeon)

   [ring of protection]

   It affects your AC (+4).
   It affects your intelligence (-3).
   It affects your dexterity (+3).
   It insulates you from electricity.
   It protects you from negative energy.
 A - the ring "Lythremee" {rF- rC+ AC+6 Dex+4}
   (You found it in the Dungeon)

   [ring of protection]

   It affects your AC (+6).
   It affects your dexterity (+4).
   It makes you vulnerable to fire.
   It protects you from cold.
 W - a ring of the Octopus King (left hand) {AC+1 EV+1 Str+1 Int+1 Dex+1 SInv}
   (You found it in the Dungeon)

   [ring of see invisible]

   It affects your AC (+1).
   It affects your evasion (+1).
   It affects your strength (+1).
   It affects your intelligence (+1).
   It affects your dexterity (+1).
   It lets you see invisible.
Wands
 z - a wand of lightning (8)
 D - a wand of paralysis (19)
 I - a wand of digging (18)
 L - a wand of draining (12)
 N - a wand of hasting (5)
 O - a wand of heal wounds (5)
 P - a wand of fire (7)
Scrolls
 q - 5 scrolls of amnesia
 r - a scroll of summoning
 B - 3 scrolls of fog
 E - 4 scrolls of recharging
 F - 3 scrolls of blinking
 Q - 3 scrolls of fear
 T - 9 scrolls of identify
 U - 5 scrolls of remove curse
Potions
 b - 2 potions of lignification
 d - 9 potions of might
 e - a potion of cancellation
 f - 7 potions of curing
 h - 5 potions of haste
 i - 4 potions of magic
 j - 3 potions of berserk rage
 o - 3 potions of invisibility
 u - 3 potions of resistance
 x - a potion of flight
 C - 5 potions of cure mutation
 G - 4 potions of agility
 R - 2 potions of brilliance
 S - 4 potions of heal wounds
Comestibles
 l - 2 bread rations
 m - 40 fruits
 n - 8 meat rations
 s - 2 slices of pizza
 w - 12 royal jellies


   Skills:
 O Level 27 Fighting
 O Level 27 Maces & Flails
 O Level 27 Throwing
 O Level 27 Armour
 O Level 27 Dodging
 + Level 0.5(5.5) Stealth
 O Level 27 Shields
 O Level 27 Invocations
 + Level 0.6 Evocations


You had 18 spell levels left.
You didn't know any spells.

Dungeon Overview and Level Annotations

Branches:
Dungeon (1/1)

Altars:
Ashenzari
Cheibriados
Dithmenos
Elyvilon
Fedhas
Gozag
Kikubaaqudgha
Makhleb
Nemelex Xobeh
Okawaru
Qazlal
Ru
Sif Muna
Trog
Vehumet
Xom
Yredelemnul
Zin
The Shining One
Beogh
Jiyva
Lugonu


Innate Abilities, Weirdness & Mutations

You reflexively headbutt those who attack you in melee.
You have a pair of horns on your head.
You tend to lose your temper in combat.


Message History

The lich closely misses you. You furiously retaliate!
You headbutt the lich!!
You block the Brimstone Fiend's attack. x2
The Brimstone Fiend barely misses you.
Unknown command.
Unknown command.
You sock the lich! You headbutt the lich.
You destroy the lich!
Okawaru accepts your kill.
You have mastered Throwing!
You have mastered Invocations!
You need to enable at least one skill for training.
You feel your intelligence returning.
The spellforged servitor disappears in a puff of smoke!
The large abomination disappears in a puff of smoke! x2
The lorocyproca disappears in a puff of smoke!
The Ice Fiend disappears in a puff of smoke!
The green death disappears in a puff of smoke!
You block the alligator snapping turtle's attack.
The red draconian annihilator gestures at you while chanting.
The crystal spear hits you!
You die...

##..........# ++(.#....#..###
#++# +###
++).........##d..........
##()........##.2...#.....
##(.#....#..# tD#4.§..#..
++[.........# .2§§#Z...
++..........# .te3q.
##..#....#..#####qM#
##..(.......''..@.§#
##..........''..§1.#
####++####++########
####++####++#####################
##......##.......................
##.#+##.##.......................
##.#))+.##).##############++#####
##.+[.#.##..#))+...+))#[.......#[
##.#..+.##..#))#...#))#........#[


You could see an alligator snapping turtle, a Brimstone Fiend, a red draconian
annihilator, a green draconian scorcher, a mummy priest, a deep elf sorcerer, an
orange demon, a smoke demon and an adder skeleton.

Vanquished Creatures
  Dispater (D)
  3 ancient liches (D)
  A greater mummy (D)
  the Lernaean hydra (D)
  Norris (D)
  14 golden dragons (D)
  A bone dragon (D)
  2 profane servitors (D)
  A Brimstone Fiend (D)
  5 liches (D)
  A Hell Sentinel (D)
  An Ice Fiend (D)
  A tentacled monstrosity (D)
  2 deep elf blademasters (D)
  3 titans (D)
  2 deep elf master archers (D)
  4 quicksilver dragons (D)
  An Executioner (D)
  A sphinx (D)
  2 death cobs (D)
  11 shadow dragons (D)
  Frances (D)
  A storm dragon (D)
  A greater naga (D)
  2 daevas (D)
  A ghost moth (D)
  A balrug (D)
  A frost giant (D)
  2 iron dragons (D)
  A draconian zealot (D)
  2 deep elf sorcerers (D)
  4 orc warlords (D)
  A draconian shifter (D)
  A draconian annihilator (D)
  2 war gargoyles (D)
  2 deep elf demonologists (D)
  A vampire knight (D)
  A draconian caller (D)
  An apis (D)
  2 white draconians (D)
  A green draconian (D)
  A purple draconian (D)
  2 yellow draconians (D)
  6 dire elephants (D)
  A deep elf annihilator (D)
  2 green deaths (D)
  A minotaur (D)
  3 vault guards (D)
  15 fire dragons (D)
  A great orb of eyes (D)
  A deep elf death mage (D)
  A deep elf high priest (D)
  An ogre mage (D)
  2 yaktaur captains (D)
  18 ice dragons (D)
  4 naga warriors (D)
  A spriggan air mage (D)
  13 hydras (D)
  3 death knights (D)
  A rakshasa (D)
  A merfolk aquamancer (D)
  2 catoblepae (D)
  A spriggan berserker (D)
  An orc high priest (D)
  Urug (D)
  A naga sharpshooter (D)
  A soul eater (D)
  A deep elf knight (D)
  An iron troll (D)
  A wizard (D)
  A sun demon (D)
  7 hell knights (D)
  A salamander mystic (D)
  2 shadow wraiths (D)
  A spriggan druid (D)
  An ice devil (D)
  A hill giant (D)
  14 swamp dragons (D)
  8 lindwurms (D)
  10 orc knights (D)
  A wolf spider (D)
  An orc sorcerer (D)
  5 harpies (D)
  A sixfirhy (D)
  A manticore (D)
  A griffon (D)
  An elephant (D)
  A cyclops (D)
  A black mamba (D)
  A naga mage (D)
  2 rust devils (D)
  An orange demon (D)
  A spiny frog (D)
  An eye of devastation (D)
  A yaktaur (D)
  3 fire drakes (D)
  A red devil (D)
  2 demonic crawlers (D)
  7 komodo dragons (D)
  2 trolls (D)
  6 polar bears (D)
  2 large abominations (D)
  2 jumping spiders (D)
  Grinder (D)
  A two-headed ogre (D)
  4 slime creatures (D)
  5 blink frogs (D)
  A tarantella (D)
  2 vampires (D)
  2 ynoxinuls (D)
  2 air elementals (D)
  4 redbacks (D)
  4 water elementals (D)
  A fire elemental (D)
  3 basilisks (D)
  A neqoxec (D)
  3 wolves (D)
  11 wyverns (D)
  A hippogriff (D)
  4 spriggans (D)
  3 steam dragons (D)
  A fire bat (D)
  A golden eye (D)
  4 mottled dragons (D)
  A water moccasin (D)
  4 nagas (D)
  A deep elf fighter (D)
  A warg (D)
  An ice beast (D)
  A sky beast (D)
  7 orc warriors (D)
  A black bear (D)
  4 swamp drakes (D)
  3 wasps (D)
  6 ogres (D)
  2 crocodiles (D)
  2 giant frogs (D)
  Blork the orc (D)
  5 earth elementals (D)
  2 hounds (D)
  4 orc priests (D)
  2 hell rats (D)
  3 quasits (D)
  3 orc wizards (D)
  An ooze (D)
  3 adder skeletons (D)
  3 adder zombies (D)
  An adder simulacrum (D)
  2 giant geckos (D)
  13 orcs (D)
  2 ball pythons (D)
  A bat simulacrum (D)
  A bat zombie (D)
  2 hobgoblins (D)
  2 jackals (D)
  A giant gecko simulacrum (D)
  A giant gecko zombie (D)
  3 giant newts (D)
416 creatures vanquished.

Vanquished Creatures (others)
  A fire giant (D)
  A vault guard (D)
  A lindwurm (D)
  An orc wizard (D)
4 creatures vanquished.

Grand Total: 420 creatures vanquished

Notes
Turn   | Place    | Note
--------------------------------------------------------------
     0 | D        | Kidiri the Minotaur Fighter began the quest for the Orb.
     0 | D        | Reached XP level 1. HP: 19/19 MP: 0/0
    58 | D        | Found a sacrificial altar of Ru.
    58 | D        | Found a basalt altar of Yredelemnul.
    58 | D        | Found a shadowy altar of Dithmenos.
    58 | D        | Found a deep blue altar of Sif Muna.
    58 | D        | Found a burning altar of Makhleb.
    58 | D        | Found a shimmering altar of Xom.
    58 | D        | Found an ancient bone altar of Kikubaaqudgha.
    58 | D        | Found a sparkling altar of Nemelex Xobeh.
    59 | D        | Found a glowing golden altar of the Shining One.
    59 | D        | Found a bloodstained altar of Trog.
    59 | D        | Found a shattered altar of Ashenzari.
    59 | D        | Found a white marble altar of Elyvilon.
    59 | D        | Found a snail-covered altar of Cheibriados.
    59 | D        | Found a blossoming altar of Fedhas.
    59 | D        | Found a radiant altar of Vehumet.
    59 | D        | Found a glowing silver altar of Zin.
    59 | D        | Found a corrupted altar of Lugonu.
    59 | D        | Found a viscous altar of Jiyva.
    59 | D        | Found a roughly hewn altar of Beogh.
    59 | D        | Found an iron altar of Okawaru.
    65 | D        | Found a stormy altar of Qazlal.
    66 | D        | Found an opulent altar of Gozag.
    68 | D        | Became a worshipper of Warmaster Okawaru
   184 | D        | Reached skill level 4 in Armour
   193 | D        | Reached skill level 1 in Dodging
   307 | D        | Reached skill level 1 in Invocations
   307 | D        | Reached XP level 2. HP: 20/27 MP: 1/1
   511 | D        | Noticed a sky beast
   537 | D        | Killed a sky beast
   537 | D        | Reached * piety under Okawaru
   537 | D        | Reached skill level 6 in Fighting
   537 | D        | Reached XP level 3. HP: 34/37 MP: 1/3
   537 | D        | Reached XP level 4. HP: 40/44 MP: 1/4
   541 | D        | Gained mutation: You tend to lose your temper in combat. [mutagenic meat]
   542 | D        | Gained mutation: You occasionally shout uncontrollably at your foes. [mutagenic meat]
   543 | D        | Gained mutation: Your muscles are strong. (Str +2) [mutagenic meat]
   544 | D        | Lost mutation: Your muscles are strong. (Str +2) [mutagenic meat]
   580 | D        | Noticed an orc priest
   582 | D        | Noticed an orc wizard
   584 | D        | Noticed a deep elf fighter
   591 | D        | Killed an orc priest
   591 | D        | Reached XP level 5. HP: 49/51 MP: 2/6
   598 | D        | Noticed an orc wizard
   598 | D        | Noticed a giant frog
   599 | D        | Killed a deep elf fighter
   599 | D        | Reached skill level 7 in Fighting
   599 | D        | Reached skill level 5 in Maces & Flails
   599 | D        | Reached skill level 5 in Dodging
   599 | D        | Reached XP level 6. HP: 50/60 MP: 3/7
   602 | D        | Killed an orc wizard
   606 | D        | Killed a giant frog
   606 | D        | Reached ** piety under Okawaru
   606 | D        | Reached skill level 8 in Fighting
   610 | D        | Killed an orc wizard
   662 | D        | Noticed a quasit
   667 | D        | Killed a quasit
   672 | D        | Noticed a redback
   684 | D        | Killed a redback
   684 | D        | Reached skill level 9 in Fighting
   684 | D        | Reached XP level 7. HP: 16/70 MP: 9/9
   938 | D        | Noticed Blork the orc
   938 | D        | Noticed a quasit
   938 | D        | Noticed a water moccasin
   945 | D        | Killed a water moccasin
   952 | D        | Killed a quasit
   957 | D        | Killed Blork the orc
   957 | D        | Reached skill level 5 in Invocations
  1145 | D        | Noticed Grinder
  1145 | D        | Noticed a polar bear
  1145 | D        | Noticed a hell rat
  1152 | D        | Killed a hell rat
  1159 | D        | Killed a polar bear
  1159 | D        | Reached *** piety under Okawaru
  1159 | D        | Reached skill level 10 in Fighting
  1159 | D        | Reached skill level 10 in Armour
  1159 | D        | Reached skill level 10 in Shields
  1159 | D        | Reached XP level 8. HP: 42/79 MP: 8/11
  1166 | D        | Killed Grinder
  1471 | D        | Noticed a basilisk
  1472 | D        | Noticed a polar bear
  1480 | D        | Killed a polar bear
  1485 | D        | Killed a basilisk
  1485 | D        | Reached skill level 11 in Armour
  1530 | D        | Noticed a minotaur
  1530 | D        | Noticed a demonic crawler
  1594 | D        | Killed a demonic crawler
  1602 | D        | Killed a minotaur
  1602 | D        | Reached **** piety under Okawaru
  1602 | D        | Reached skill level 12 in Armour
  1602 | D        | Reached skill level 10 in Dodging
  1602 | D        | Reached XP level 9. HP: 34/90 MP: 11/13
  1888 | D        | Noticed a wyvern
  1893 | D        | Killed a wyvern
  1898 | D        | Noticed a spriggan
  1901 | D        | Killed a spriggan
  1940 | D        | Noticed a red devil
  1940 | D        | Noticed an elephant
  1948 | D        | Killed an elephant
  1948 | D        | Reached ***** piety under Okawaru
  1949 | D        | Killed a red devil
  1977 | D        | Noticed a hippogriff
  1977 | D        | Noticed an ogre
  1982 | D        | Killed a hippogriff
  1983 | D        | Killed an ogre
  1988 | D        | Noticed a polar bear
  1988 | D        | Noticed a fire bat
  1991 | D        | Killed a fire bat
  1991 | D        | Received a gift from Okawaru
  1993 | D        | Killed a polar bear
  1993 | D        | Reached XP level 10. HP: 100/100 MP: 14/14
  1994 | D        | Noticed a vampire
  2000 | D        | Killed a shadow wraith
  2000 | D        | Reached skill level 13 in Fighting
  2026 | D        | Killed a vampire
  2191 | D        | Noticed a spiny frog
  2192 | D        | Noticed a manticore
  2197 | D        | Noticed a hound
  2197 | D        | Killed a spiny frog
  2199 | D        | Killed a manticore
  2200 | D        | Noticed a lindwurm
  2200 | D        | Noticed an ice beast
  2200 | D        | Noticed an orc priest
  2201 | D        | Noticed an orc warrior
  2205 | D        | Killed a hound
  2210 | D        | Killed a lindwurm
  2212 | D        | Killed an ice beast
  2219 | D        | Killed an orc warrior
  2219 | D        | Reached skill level 10 in Maces & Flails
  2222 | D        | Killed an orc priest
  2227 | D        | Noticed a rust devil
  2239 | D        | Killed a rust devil
  2265 | D        | Noticed a neqoxec
  2265 | D        | Gained mutation: You are clumsy. (Dex -2) [a neqoxec]
  2272 | D        | Noticed a demonic crawler
  2274 | D        | Gained mutation: Your body sometimes deteriorates upon taking damage. [a neqoxec]
  2277 | D        | Killed a neqoxec
  2285 | D        | Killed a demonic crawler
  2285 | D        | Reached skill level 14 in Armour
  2550 | D        | Noticed an orc high priest
  2558 | D        | Killed an orc high priest
  2682 | D        | Noticed a wolf
  2682 | D        | Noticed a ynoxinul
  2682 | D        | Noticed a giant frog
  2682 | D        | Noticed a quasit
  2682 | D        | Noticed a basilisk
  2683 | D        | Noticed a wolf
  2683 | D        | Noticed a wyvern
  2684 | D        | Noticed a wolf
  2684 | D        | Noticed a two-headed ogre
  2684 | D        | Noticed a hound
  2686 | D        | Killed a giant frog
  2687 | D        | Killed a wolf
  2689 | D        | Noticed a crocodile
  2689 | D        | Killed a wyvern
  2691 | D        | Killed a hound
  2694 | D        | Noticed a hell rat
  2694 | D        | Killed a quasit
  2698 | D        | Killed a wolf
  2698 | D        | Reached XP level 11. HP: 109/111 MP: 14/16
  2706 | D        | Killed a two-headed ogre
  2712 | D        | Killed a wolf
  2717 | D        | Killed a hell rat
  2722 | D        | Killed a crocodile
  2728 | D        | Killed a ynoxinul
  2745 | D        | Killed a basilisk
  2918 | D        | Killed a shadow wraith
  2919 | D        | Noticed a hill giant
  2926 | D        | Killed a hill giant
  3264 | D        | Noticed a troll
  3273 | D        | Killed a troll
  3273 | D        | Reached skill level 15 in Armour
  3281 | D        | Noticed a blink frog
  3281 | D        | Noticed a blink frog
  3281 | D        | Noticed a blink frog
  3282 | D        | Noticed a blink frog
  3282 | D        | Noticed a blink frog
  3282 | D        | Noticed an earth elemental
  3284 | D        | Killed a blink frog
  3292 | D        | Killed a blink frog
  3292 | D        | Reached skill level 15 in Shields
  3293 | D        | Killed a blink frog
  3293 | D        | Reached skill level 15 in Fighting
  3297 | D        | Killed a blink frog
  3299 | D        | Killed an earth elemental
  3305 | D        | Killed a blink frog
  3439 | D        | Noticed a griffon
  3440 | D        | Noticed a ynoxinul
  3449 | D        | Killed a griffon
  3460 | D        | Killed a ynoxinul
  3474 | D        | Noticed Urug
  3474 | D        | Noticed a death knight
  3483 | D        | Killed Urug
  3490 | D        | Killed a death knight
  3490 | D        | Received a gift from Okawaru
  3943 | D        | Noticed an air elemental
  3943 | D        | Noticed a water elemental
  3943 | D        | Noticed a slime creature
  3943 | D        | Noticed a slime creature
  3944 | D        | Noticed a polar bear
  3945 | D        | Noticed an air elemental
  3945 | D        | Noticed a merfolk aquamancer
  3949 | D        | Killed a slime creature
  3950 | D        | Noticed a crocodile
  3953 | D        | Killed an air elemental
  3954 | D        | Noticed a water elemental
  3955 | D        | Killed a polar bear
  3956 | D        | Noticed a sun demon
  3956 | D        | Killed an air elemental
  3957 | D        | Noticed a death cob
  3960 | D        | Noticed an orange demon
  3964 | D        | Noticed a cyclops
  3970 | D        | Killed a death cob
  3970 | D        | Reached skill level 16 in Fighting
  3971 | D        | Noticed a slime creature
  3977 | D        | Killed a sun demon
  3982 | D        | Killed a water elemental
  3982 | D        | Reached XP level 12. HP: 65/122 MP: 12/18
  3984 | D        | Killed a cyclops
  3984 | D        | Reached skill level 10 in Invocations
  3988 | D        | Killed an orange demon
  3991 | D        | Killed a crocodile
  3993 | D        | Noticed an earth elemental
  3995 | D        | Killed a slime creature
  4000 | D        | Killed a merfolk aquamancer
  4002 | D        | Noticed a slime creature
  4005 | D        | Killed a slime creature
  4005 | D        | Reached skill level 15 in Dodging
  4009 | D        | Killed a water elemental
  4013 | D        | Killed an earth elemental
  4014 | D        | Noticed a large abomination
  4016 | D        | Killed a slime creature
  4018 | D        | Noticed a water elemental
  4019 | D        | Noticed a daeva
  4022 | D        | Killed a water elemental
  4025 | D        | Killed a large abomination
  4030 | D        | Noticed a black bear
  4034 | D        | Noticed a swamp dragon
  4035 | D        | Noticed a polar bear
  4036 | D        | Killed a black bear
  4044 | D        | Killed a daeva
  4044 | D        | Received a gift from Okawaru
  4046 | D        | Got a pair of warped boots {god gift}
  4051 | D        | Killed a polar bear
  4051 | D        | Reached skill level 17 in Armour
  4063 | D        | Identified the +2 pair of boots of Dishonesty {rElec rC- Int+4} (Okawaru gifted it to you in the Dungeon)
  4076 | D        | Noticed a death knight
  4081 | D        | Noticed a polar bear
  4086 | D        | Killed a death knight
  4087 | D        | Noticed a yaktaur
  4092 | D        | Killed a yaktaur
  4099 | D        | Killed a swamp dragon
  4102 | D        | Killed a polar bear
  4184 | D        | Got the +0 pair of gloves of Qetwira {rF+ rC+ Regen+ Int-4}
  4278 | D        | Noticed a wizard
  4278 | D        | Noticed a spriggan druid
  4278 | D        | Noticed a deep elf master archer
  4278 | D        | Noticed an orc warlord
  4278 | D        | Noticed an orc warrior
  4278 | D        | Noticed an orc wizard
  4278 | D        | Noticed an orc warrior
  4280 | D        | Killed a spriggan druid
  4283 | D        | Killed a wizard
  4289 | D        | Killed an orc warlord
  4294 | D        | Killed a deep elf master archer
  4300 | D        | Killed an orc wizard
  4303 | D        | Killed an orc warrior
  4304 | D        | Killed an orc warrior
  4621 | D        | Noticed an orc knight
  4621 | D        | Noticed an orc knight
  4621 | D        | Noticed an orc knight
  4621 | D        | Noticed an orc knight
  4622 | D        | Noticed an orc knight
  4622 | D        | Noticed an orc knight
  4622 | D        | Noticed an orc warlord
  4622 | D        | Noticed an orc warlord
  4622 | D        | Noticed an orc knight
  4623 | D        | Noticed a vampire knight
  4623 | D        | Noticed an orc knight
  4637 | D        | Killed a vampire knight
  4637 | D        | Reached skill level 18 in Armour
  4643 | D        | Killed an orc warlord
  4643 | D        | Reached XP level 13. HP: 117/134 MP: 11/20
  4650 | D        | Killed an orc warlord
  4650 | D        | Received a gift from Okawaru
  4651 | D        | Got a faintly humming hat {god gift}
  4657 | D        | Identified the +2 hat "Axte" {Dex+2} (Okawaru gifted it to you in the Dungeon)
  4663 | D        | Killed an orc knight
  4666 | D        | Killed an orc knight
  4677 | D        | Killed an orc knight
  4682 | D        | Killed an orc knight
  4686 | D        | Killed an orc knight
  4694 | D        | Killed an orc knight
  4698 | D        | Killed an orc knight
  4709 | D        | Killed an orc knight
  4786 | D        | Noticed a deep elf knight
  4787 | D        | Noticed a harpy
  4787 | D        | Noticed a harpy
  4787 | D        | Noticed a harpy
  4788 | D        | Noticed a harpy
  4788 | D        | Noticed a deep elf blademaster
  4789 | D        | Killed a harpy
  4790 | D        | Noticed a harpy
  4790 | D        | Noticed a vault guard
  4793 | D        | Noticed a yaktaur captain
  4793 | D        | Noticed a yaktaur captain
  4793 | D        | Killed a harpy
  4794 | D        | Killed a harpy
  4797 | D        | Killed a harpy
  4806 | D        | Killed a deep elf blademaster
  4806 | D        | Reached skill level 19 in Armour
  4810 | D        | Killed a harpy
  4814 | D        | Killed a yaktaur captain
  4815 | D        | Noticed an ice devil
  4817 | D        | Killed a deep elf knight
  4817 | D        | Reached skill level 15 in Maces & Flails
  4824 | D        | Killed a vault guard
  4828 | D        | Killed a yaktaur captain
  4834 | D        | Killed an ice devil
  4932 | D        | Noticed an orc knight
  4933 | D        | Noticed a naga warrior
  4933 | D        | Noticed a vault guard
  4934 | D        | Noticed a naga warrior
  4934 | D        | Noticed a white draconian
  4935 | D        | Noticed an orc knight
  4940 | D        | Killed an orc knight
  4941 | D        | Noticed a great orb of eyes
  4945 | D        | Killed a vault guard
  4950 | D        | Killed a naga warrior
  4950 | D        | Reached ****** piety under Okawaru
  4953 | D        | Killed an orc knight
  4958 | D        | Killed a white draconian
  4961 | D        | Killed a great orb of eyes
  4961 | D        | Received a gift from Okawaru
  4966 | D        | Killed a naga warrior
  4968 | D        | Lost mutation: Your body sometimes deteriorates upon taking damage. [potion of cure mutation]
  4968 | D        | Lost mutation: You tend to lose your temper in combat. [potion of cure mutation]
  4968 | D        | Lost mutation: You occasionally shout uncontrollably at your foes. [potion of cure mutation]
  4968 | D        | Lost mutation: You are clumsy. (Dex -2) [potion of cure mutation]
  5096 | D        | Noticed an Ice Fiend
  5102 | D        | Killed an Ice Fiend
  5102 | D        | Reached skill level 20 in Armour
  5102 | D        | Reached XP level 14. HP: 114/147 MP: 12/22
  5106 | D        | Noticed a green death
  5110 | D        | Killed a green death
  5112 | D        | Noticed a greater mummy
  5122 | D        | Killed a greater mummy
  5196 | D        | Noticed a balrug
  5202 | D        | Killed a balrug
  5236 | D        | Noticed an ancient lich
  5240 | D        | Killed an ancient lich
  5240 | D        | Received a gift from Okawaru
  5240 | D        | Reached skill level 21 in Armour
  5268 | D        | Noticed a titan
  5274 | D        | Killed a titan
  5322 | D        | Noticed a shadow dragon
  5322 | D        | Noticed a death cob
  5322 | D        | Noticed a Hell Sentinel
  5322 | D        | Noticed a titan
  5322 | D        | Noticed a fire giant
  5322 | D        | Noticed a titan
  5322 | D        | Noticed a fire dragon
  5322 | D        | Noticed a golden eye
  5324 | D        | Killed a golden eye
  5335 | D        | Killed a fire dragon
  5344 | D        | Killed a titan
  5344 | D        | Received a gift from Okawaru
  5350 | D        | Killed a death cob
  5360 | D        | Killed a titan
  5367 | D        | Killed a Hell Sentinel
  5369 | D        | Killed a fire giant
  5376 | D        | Killed a shadow dragon
  5386 | D        | Got a pair of dazzling gloves {god gift}
  5397 | D        | Identified the +0 pair of gloves of Housix {rC+ MR+ MP+9 Str+2} (Okawaru gifted it to you in the Dungeon)
  5543 | D        | Noticed a Brimstone Fiend
  5548 | D        | Killed a Brimstone Fiend
  5548 | D        | Reached skill level 22 in Fighting
  5548 | D        | Reached XP level 15. HP: 142/160 MP: 23/24
  5551 | D        | Noticed a frost giant
  5553 | D        | Killed a frost giant
  5561 | D        | Noticed an ancient lich
  5572 | D        | Killed an ancient lich
  5572 | D        | Received a gift from Okawaru
  5576 | D        | Noticed a red draconian shifter
  5588 | D        | Killed a red draconian shifter
  5695 | D        | Noticed Dispater
  5736 | D        | Killed Dispater
  5736 | D        | Received a gift from Okawaru
  5736 | D        | Reached skill level 23 in Fighting
  5769 | D        | Noticed Norris
  5779 | D        | Killed Norris
  5915 | D        | Noticed a yellow draconian annihilator
  5916 | D        | Noticed a deep elf death mage
  5917 | D        | Noticed a deep elf sorcerer
  5917 | D        | Noticed a naga mage
  5917 | D        | Killed a yellow draconian annihilator
  5918 | D        | Noticed a lich
  5918 | D        | Noticed a lich
  5918 | D        | Noticed a lich
  5918 | D        | Noticed Frances
  5919 | D        | Noticed a deep elf demonologist
  5921 | D        | Killed a deep elf death mage
  5923 | D        | Noticed a deep elf demonologist
  5927 | D        | Killed a lich
  5927 | D        | Reached skill level 15 in Invocations
  5928 | D        | Noticed a greater naga
  5928 | D        | Noticed a green draconian caller
  5932 | D        | Noticed a Hell Sentinel
  5932 | D        | Noticed a yellow draconian zealot
  5932 | D        | Killed a lich
  5934 | D        | Noticed a storm dragon
  5935 | D        | Noticed a wolf spider
  5936 | D        | Killed a deep elf sorcerer
  5937 | D        | Noticed a war gargoyle
  5937 | D        | Noticed a sphinx
  5938 | D        | Noticed a deep elf high priest
  5938 | D        | Noticed a deep elf sorcerer
  5939 | D        | Killed a deep elf demonologist
  5940 | D        | Noticed a lich
  5941 | D        | Killed a naga mage
  5943 | D        | Killed Frances
  5943 | D        | Received a gift from Okawaru
  5946 | D        | Noticed a yellow draconian
  5947 | D        | Noticed an ancient lich
  5950 | D        | Killed a yellow draconian zealot
  5955 | D        | Killed a war gargoyle
  5961 | D        | Noticed a purple draconian
  5962 | D        | Killed a lich
  5962 | D        | Reached skill level 24 in Armour
  5964 | D        | Killed a wolf spider
  5965 | D        | Killed a greater naga
  5966 | D        | Noticed a green draconian
  5973 | D        | Noticed a soul eater
  5973 | D        | Killed a storm dragon
  5980 | D        | Killed an ancient lich
  5980 | D        | Received a gift from Okawaru
  5980 | D        | Reached XP level 16. HP: 85/176 MP: 2/26
  5983 | D        | Killed a lich
  5985 | D        | Killed a deep elf demonologist
  5992 | D        | Killed a green draconian caller
  5993 | D        | Killed a green draconian
  5998 | D        | Killed a purple draconian
  5999 | D        | Killed a yellow draconian
  6002 | D        | Killed a deep elf sorcerer
  6002 | D        | Gained mutation: You tend to lose your temper in combat. [a neqoxec]
  6021 | D        | Killed a deep elf high priest
  6022 | D        | Killed a sphinx
  6030 | D        | Killed a soul eater
  6042 | D        | Got a transparent flail {god gift}
  6055 | D        | Identified the +6 flail of Tolial {speed, *Noise MR+ Str+3} (Okawaru gifted it to you in the Dungeon)
  6537 | D        | Got the amulet of Megalomania {Gourm Stlth+}
  6539 | D        | Got the amulet "Woicuc" {Faith rPois Dex-3 SInv}
  6541 | D        | Got the amulet "Akkaff" {Spirit rElec rF- MP+9}
  6544 | D        | Got the amulet of Trog's Hope {+Rage rPois rC- MP-9 Int+8}
  6546 | D        | Got the amulet of Ciphok {Spirit rN+ Str+2}
  6548 | D        | Got the amulet "Vianel" {Ward rN+ Str+6}
  6550 | D        | Got the amulet of Duelice {Faith +Blink}
  6552 | D        | Got the amulet of Hotan {Gourm rC- rN+ MR- Dex+10}
  6554 | D        | Got the ring of Dishonour {MR+ Int+2}
  6556 | D        | Got the amulet of Autumn {Ward rN+ Str+3}
  6558 | D        | Got the amulet "Saqairph" {Spirit +Fly Str+5}
  6560 | D        | Got the amulet "Vopraall" {Spirit *Contam rF++ Dex+3}
  6562 | D        | Got the ring "Zymaj" {MP+9 Int-3 Dex+4 Slay+5}
  6578 | D        | Got the ring of Leuninut {MR++ SInv Stlth+}
  6580 | D        | Got the ring "Naacziss" {+Blink rN+}
  6582 | D        | Got the ring "Viuvoadd" {rElec rF+ MR+}
  6586 | D        | Got the ring "Waawereph" {rF- rC+ Dex+6 Slay+4}
  6588 | D        | Got the ring of Feojo {AC+6 Int+6}
  6590 | D        | Got the ring "Qagunkid" {MR+ Str+2 Int+6 SInv}
  6592 | D        | Got the ring of Xosajargh {Wiz rPois MR+ Str+3}
  6594 | D        | Got the ring "Lythremee" {rF- rC+ AC+6 Dex+4}
  6596 | D        | Got the ring "Jeefalie" {rC++ MR+ Int+6 SInv}
  6598 | D        | Got the ring "Afap" {+Blink rPois Int+4}
  6600 | D        | Got the ring of Raosa {rPois rF- rC- MR+ SInv}
  6602 | D        | Got the ring "Bupi" {rN+ Int+6 Stlth+}
  6654 | D        | Upgraded the game from 0.17-a0-2101-g0c122e7 to 0.17-a0-2109-g117576f
  6795 | D        | Noticed an ogre mage
  6795 | D        | Noticed an ogre
  6795 | D        | Noticed an ogre
  6795 | D        | Noticed an ogre
  6795 | D        | Noticed an ogre
  6795 | D        | Noticed an ogre
  6795 | D        | Noticed a vampire
  6795 | D        | Noticed a naga warrior
  6795 | D        | Noticed a salamander mystic
  6795 | D        | Noticed a naga
  6798 | D        | Noticed a spriggan berserker
  6798 | D        | Noticed a tentacled monstrosity
  6801 | D        | Killed a vampire
  6803 | D        | Noticed a naga
  6803 | D        | Killed an ogre
  6805 | D        | Killed an ogre
  6807 | D        | Killed an ogre
  6811 | D        | Killed an ogre
  6813 | D        | Killed an ogre
  6818 | D        | Killed an ogre mage
  6827 | D        | Killed a naga warrior
  6830 | D        | Killed a tentacled monstrosity
  6830 | D        | Received a gift from Okawaru
  6830 | D        | Reached skill level 25 in Fighting
  6831 | D        | Noticed a spriggan air mage
  6832 | D        | Killed a spriggan berserker
  6835 | D        | Killed a salamander mystic
  6837 | D        | Killed a naga
  6843 | D        | Killed a spriggan air mage
  6851 | D        | Killed a naga
  6861 | D        | Noticed a deep elf master archer
  6868 | D        | Killed a deep elf master archer
  6926 | D        | Noticed an apis
  6927 | D        | Noticed a hell knight
  6927 | D        | Noticed a sixfirhy
  6928 | D        | Noticed a naga
  6928 | D        | Noticed a fire elemental
  6935 | D        | Noticed a naga warrior
  6935 | D        | Killed a sixfirhy
  6937 | D        | Noticed a naga
  6937 | D        | Noticed a hell knight
  6942 | D        | Noticed a spriggan rider
  6945 | D        | Killed a hell knight
  6949 | D        | Killed an apis
  6952 | D        | Killed a fire elemental
  6954 | D        | Killed a naga
  6955 | D        | Noticed a rakshasa
  6955 | D        | Noticed a deep elf annihilator
  6957 | D        | Noticed an eye of devastation
  6959 | D        | Noticed an earth elemental
  6959 | D        | Killed a wasp
  6959 | D        | Killed a spriggan
  6961 | D        | Noticed a storm dragon
  6963 | D        | Killed a naga warrior
  6964 | D        | Killed a naga
  6966 | D        | Noticed a spriggan rider
  6967 | D        | Killed a deep elf annihilator
  6972 | D        | Killed a hell knight
  6972 | D        | Reached skill level 26 in Fighting
  6975 | D        | Noticed a fire dragon
  6975 | D        | Noticed a hell knight
  6977 | D        | Noticed a naga sharpshooter
  6977 | D        | Killed an eye of devastation
  6979 | D        | Noticed a hell knight
  6984 | D        | Killed a storm dragon
  6986 | D        | Killed an earth elemental
  6988 | D        | Noticed a hell knight
  6991 | D        | Killed a fire dragon
  6993 | D        | Killed a hell knight
  7000 | D        | Noticed a hell knight
  7004 | D        | Noticed a hell knight
  7006 | D        | Killed a hell knight
  7008 | D        | Killed a spriggan
  7012 | D        | Killed a wasp
  7016 | D        | Killed a naga sharpshooter
  7019 | D        | Killed a hell knight
  7025 | D        | Killed a hell knight
  7028 | D        | Killed a hell knight
  7028 | D        | Received a gift from Okawaru
  7039 | D        | Killed a hell knight
  7040 | D        | Noticed an earth elemental
  7046 | D        | Killed a hell knight
  7052 | D        | Noticed a catoblepas
  7060 | D        | Killed a rakshasa
  7062 | D        | Killed a rakshasa
  7065 | D        | Killed an earth elemental
  7077 | D        | Noticed an earth elemental
  7094 | D        | Killed an earth elemental
  7098 | D        | Noticed a profane servitor
  7113 | D        | Killed a profane servitor
  7132 | D        | Noticed a vault guard
  7145 | D        | Killed a vault guard
  7145 | D        | Reached skill level 27 in Fighting
  7159 | D        | Killed a catoblepas
  7199 | D        | Noticed a war gargoyle
  7199 | D        | Noticed a profane servitor
  7199 | D        | Noticed an orc warrior
  7199 | D        | Noticed an orc priest
  7200 | D        | Noticed an orc wizard
  7200 | D        | Noticed an orc warrior
  7200 | D        | Noticed an orc sorcerer
  7201 | D        | Noticed a death knight
  7201 | D        | Noticed an orc warlord
  7201 | D        | Noticed an orc warrior
  7201 | D        | Noticed a spriggan rider
  7203 | D        | Noticed an orc priest
  7207 | D        | Noticed a deep elf blademaster
  7207 | D        | Noticed a daeva
  7215 | D        | Killed a profane servitor
  7217 | D        | Noticed a rust devil
  7217 | D        | Killed an orc priest
  7222 | D        | Killed an orc warrior
  7228 | D        | Killed an orc priest
  7229 | D        | Noticed an orc warrior
  7230 | D        | Killed an orc sorcerer
  7232 | D        | Killed a spriggan rider
  7232 | D        | Killed a wasp
  7236 | D        | Killed a rust devil
  7236 | D        | Killed an orc wizard
  7242 | D        | Noticed a troll
  7243 | D        | Killed an orc warlord
  7245 | D        | Noticed a warg
  7250 | D        | Killed a war gargoyle
  7251 | D        | Killed an orc warrior
  7256 | D        | Killed a warg
  7259 | D        | Killed a death knight
  7267 | D        | Noticed a black mamba
  7267 | D        | Killed an orc warrior
  7275 | D        | Noticed a ghost moth
  7288 | D        | Killed a deep elf blademaster
  7312 | D        | Killed a ghost moth
  7321 | D        | Killed a daeva
  7321 | D        | Reached XP level 17. HP: 20/191 MP: 1/28
  7324 | D        | Killed an orc warrior
  7938 | D        | Killed a black mamba
  7968 | D        | Killed a troll
  7987 | D        | Noticed an iron troll
  7988 | D        | Noticed a redback
  7988 | D        | Noticed a redback
  7988 | D        | Noticed a tarantella
  7988 | D        | Noticed a white draconian
  7988 | D        | Noticed a yellow draconian
  7989 | D        | Noticed an ice dragon
  7989 | D        | Noticed a jumping spider
  7989 | D        | Noticed a jumping spider
  7991 | D        | Noticed a redback
  7993 | D        | Killed a jumping spider
  7996 | D        | Noticed a green death
  7997 | D        | Killed a redback
  8000 | D        | Killed a redback
  8003 | D        | Killed a tarantella
  8016 | D        | Killed an iron troll
  8018 | D        | Killed a redback
  8024 | D        | Killed a green death
  8027 | D        | Killed a yellow draconian
  8032 | D        | Killed an ice dragon
  8032 | D        | Reached skill level 27 in Armour
  8035 | D        | Killed a jumping spider
  8040 | D        | Killed a white draconian
  8211 | D        | Noticed a steam dragon
  8211 | D        | Noticed a lindwurm
  8211 | D        | Noticed a wyvern
  8211 | D        | Noticed a swamp drake
  8211 | D        | Noticed a steam dragon
  8211 | D        | Noticed a komodo dragon
  8211 | D        | Noticed a fire drake
  8211 | D        | Noticed an ice dragon
  8211 | D        | Noticed a lindwurm
  8211 | D        | Noticed a catoblepas
  8211 | D        | Noticed a wyvern
  8211 | D        | Noticed a komodo dragon
  8211 | D        | Noticed a wyvern
  8211 | D        | Noticed a dire elephant
  8211 | D        | Noticed a komodo dragon
  8211 | D        | Noticed a lindwurm
  8211 | D        | Noticed an eight-headed hydra
  8211 | D        | Noticed a fire drake
  8211 | D        | Noticed a golden dragon
  8211 | D        | Noticed a mottled dragon
  8211 | D        | Noticed a lindwurm
  8211 | D        | Noticed a swamp dragon
  8211 | D        | Noticed a mottled dragon
  8211 | D        | Noticed a dire elephant
  8211 | D        | Noticed a dire elephant
  8211 | D        | Noticed a swamp drake
  8211 | D        | Noticed a dire elephant
  8211 | D        | Noticed a lindwurm
  8211 | D        | Noticed a komodo dragon
  8211 | D        | Noticed a komodo dragon
  8211 | D        | Noticed a fire dragon
  8211 | D        | Noticed a mottled dragon
  8211 | D        | Noticed a lindwurm
  8211 | D        | Noticed a wyvern
  8211 | D        | Noticed a swamp drake
  8211 | D        | Noticed a swamp drake
  8211 | D        | Noticed a komodo dragon
  8211 | D        | Noticed a dire elephant
  8211 | D        | Noticed a wyvern
  8212 | D        | Noticed a swamp dragon
  8212 | D        | Noticed a dire elephant
  8212 | D        | Noticed a four-headed hydra
  8212 | D        | Noticed a basilisk
  8214 | D        | Killed a lindwurm
  8214 | D        | Reached skill level 27 in Shields
  8216 | D        | Noticed a wyvern
  8217 | D        | Noticed a wyvern
  8218 | D        | Noticed a fire drake
  8218 | D        | Noticed a lindwurm
  8219 | D        | Killed an eight-headed hydra
  8221 | D        | Noticed a lindwurm
  8221 | D        | Killed a komodo dragon
  8225 | D        | Noticed a steam dragon
  8225 | D        | Noticed a komodo dragon
  8230 | D        | Killed a catoblepas
  8230 | D        | Received a gift from Okawaru
  8232 | D        | Noticed a fire dragon
  8240 | D        | Killed a dire elephant
  8241 | D        | Noticed a mottled dragon
  8242 | D        | Noticed a wyvern
  8249 | D        | Killed a golden dragon
  8253 | D        | Noticed a wyvern
  8254 | D        | Killed a swamp dragon
  8262 | D        | Killed a dire elephant
  8264 | D        | Noticed a fire dragon
  8269 | D        | Killed a dire elephant
  8271 | D        | Noticed a swamp dragon
  8283 | D        | Killed a dire elephant
  8283 | D        | Reached skill level 27 in Dodging
  8285 | D        | Killed a mottled dragon
  8290 | D        | Killed a fire dragon
  8297 | D        | Killed an ice dragon
  8308 | D        | Killed a dire elephant
  8311 | D        | Killed a lindwurm
  8322 | D        | Killed a dire elephant
  8329 | D        | Killed a lindwurm
  8331 | D        | Killed a komodo dragon
  8340 | D        | Killed a fire dragon
  8343 | D        | Killed a wyvern
  8347 | D        | Killed a wyvern
  8355 | D        | Killed a fire dragon
  8360 | D        | Killed a komodo dragon
  8364 | D        | Killed a komodo dragon
  8367 | D        | Killed a swamp dragon
  8372 | D        | Killed a four-headed hydra
  8377 | D        | Killed a komodo dragon
  8381 | D        | Killed a wyvern
  8385 | D        | Killed a mottled dragon
  8386 | D        | Killed a mottled dragon
  8390 | D        | Killed a lindwurm
  8397 | D        | Killed a lindwurm
  8401 | D        | Killed a wyvern
  8404 | D        | Killed a swamp drake
  8408 | D        | Killed a wyvern
  8412 | D        | Killed a swamp dragon
  8414 | D        | Killed a fire drake
  8417 | D        | Killed a swamp drake
  8418 | D        | Killed a mottled dragon
  8421 | D        | Killed a wyvern
  8423 | D        | Killed a swamp drake
  8424 | D        | Killed a lindwurm
  8424 | D        | Killed a lindwurm
  8427 | D        | Killed a komodo dragon
  8429 | D        | Killed a steam dragon
  8431 | D        | Killed a basilisk
  8434 | D        | Killed a wyvern
  8436 | D        | Killed a swamp drake
  8437 | D        | Killed a fire drake
  8439 | D        | Killed a wyvern
  8442 | D        | Killed a lindwurm
  8444 | D        | Killed a komodo dragon
  8447 | D        | Killed a wyvern
  8449 | D        | Killed a fire drake
  8452 | D        | Killed a steam dragon
  8455 | D        | Killed a steam dragon
  8458 | D        | Got the ring of Qarilu {rElec rN+ AC+4 Int-3 Dex+3}
  8509 | D        | Got the +4 pair of gloves of the Mind {rF+}
  8563 | D        | Got a silver rune of Zot
  8899 | D        | Noticed an ice dragon
  8899 | D        | Noticed a swamp dragon
  8899 | D        | Noticed a fire dragon
  8899 | D        | Noticed an ice dragon
  8899 | D        | Noticed a golden dragon
  8899 | D        | Noticed an ice dragon
  8899 | D        | Noticed a quicksilver dragon
  8899 | D        | Noticed a fire dragon
  8899 | D        | Noticed an ice dragon
  8899 | D        | Noticed a four-headed hydra
  8899 | D        | Noticed a shadow dragon
  8899 | D        | Noticed a quicksilver dragon
  8899 | D        | Noticed a swamp dragon
  8899 | D        | Noticed a four-headed hydra
  8899 | D        | Noticed a golden dragon
  8899 | D        | Noticed an ice dragon
  8899 | D        | Noticed a fire dragon
  8899 | D        | Noticed a fire dragon
  8899 | D        | Noticed a golden dragon
  8899 | D        | Noticed a quicksilver dragon
  8899 | D        | Noticed a golden dragon
  8899 | D        | Noticed an ice dragon
  8899 | D        | Noticed a six-headed hydra
  8899 | D        | Noticed a six-headed hydra
  8899 | D        | Noticed a swamp dragon
  8899 | D        | Noticed an iron dragon
  8900 | D        | Noticed a shadow dragon
  8900 | D        | Noticed an ice dragon
  8903 | D        | Noticed a fire dragon
  8903 | D        | Killed a six-headed hydra
  8903 | D        | Reached skill level 1 in Throwing
  8904 | D        | Noticed a golden dragon
  8904 | D        | Noticed a golden dragon
  8904 | D        | Noticed a swamp dragon
  8904 | D        | Noticed a fire dragon
  8904 | D        | Noticed an ice dragon
  8904 | D        | Noticed a golden dragon
  8904 | D        | Noticed an ice dragon
  8904 | D        | Noticed a four-headed hydra
  8904 | D        | Noticed an ice dragon
  8904 | D        | Noticed an ice dragon
  8904 | D        | Noticed a shadow dragon
  8904 | D        | Noticed a fire dragon
  8904 | D        | Noticed a five-headed hydra
  8904 | D        | Noticed a swamp dragon
  8904 | D        | Noticed a quicksilver dragon
  8904 | D        | Noticed a shadow dragon
  8904 | D        | Noticed a shadow dragon
  8904 | D        | Noticed an ice dragon
  8904 | D        | Noticed a seven-headed hydra
  8904 | D        | Noticed a fire dragon
  8904 | D        | Noticed a seven-headed hydra
  8904 | D        | Noticed a golden dragon
  8904 | D        | Noticed a fire dragon
  8904 | D        | Noticed an ice dragon
  8904 | D        | Noticed an ice dragon
  8904 | D        | Noticed a swamp dragon
  8904 | D        | Noticed a fire dragon
  8904 | D        | Noticed an iron dragon
  8904 | D        | Noticed a swamp dragon
  8904 | D        | Noticed a shadow dragon
  8904 | D        | Noticed an ice dragon
  8905 | D        | Noticed a shadow dragon
  8905 | D        | Noticed a golden dragon
  8919 | D        | Killed a six-headed hydra
  8932 | D        | Killed a golden dragon
  8932 | D        | Reached skill level 5 in Throwing
  8940 | D        | Killed a golden dragon
  8947 | D        | Killed a shadow dragon
  8952 | D        | Killed a golden dragon
  8952 | D        | Received a gift from Okawaru
  8956 | D        | Killed a shadow dragon
  8959 | D        | Killed a golden dragon
  8959 | D        | Reached skill level 10 in Throwing
  8967 | D        | Killed a golden dragon
  8967 | D        | Received a gift from Okawaru
  8988 | D        | Killed a shadow dragon
  8993 | D        | Killed a four-headed hydra
  9002 | D        | Killed a golden dragon
  9002 | D        | Reached skill level 27 in Maces & Flails
  9005 | D        | Killed a four-headed hydra
  9013 | D        | Killed an iron dragon
  9018 | D        | Killed a quicksilver dragon
  9018 | D        | Reached XP level 18. HP: 200/200 MP: 27/31
  9031 | D        | Killed a shadow dragon
  9037 | D        | Killed a golden dragon
  9037 | D        | Reached skill level 15 in Throwing
  9038 | D        | Noticed a shadow dragon
  9055 | D        | Killed an ice dragon
  9063 | D        | Killed a fire dragon
  9077 | D        | Killed a fire dragon
  9081 | D        | Killed a four-headed hydra
  9087 | D        | Killed a swamp dragon
  9092 | D        | Killed a shadow dragon
  9092 | D        | Received a gift from Okawaru
  9107 | D        | Killed a quicksilver dragon
  9116 | D        | Killed an ice dragon
  9124 | D        | Killed a fire dragon
  9131 | D        | Killed a fire dragon
  9132 | D        | Noticed a swamp dragon
  9132 | D        | Noticed a shadow dragon
  9146 | D        | Killed an ice dragon
  9152 | D        | Killed an ice dragon
  9157 | D        | Killed a swamp dragon
  9165 | D        | Killed a golden dragon
  9176 | D        | Killed a shadow dragon
  9182 | D        | Killed an ice dragon
  9183 | D        | Noticed a golden dragon
  9183 | D        | Noticed a golden dragon
  9487 | D        | Killed a fire dragon
  9498 | D        | Noticed an ice dragon
  9498 | D        | Killed a five-headed hydra
  9502 | D        | Killed a fire dragon
  9509 | D        | Killed a golden dragon
  9509 | D        | Received a gift from Okawaru
  9516 | D        | Killed a seven-headed hydra
  9517 | D        | Killed an ice dragon
  9517 | D        | Killed a swamp dragon
  9518 | D        | Killed a shadow dragon
  9518 | D        | Received a gift from Okawaru
  9531 | D        | Killed a fire dragon
  9534 | D        | Noticed a swamp dragon
  9538 | D        | Killed an ice dragon
  9547 | D        | Killed a swamp dragon
  9555 | D        | Noticed a golden dragon
  9566 | D        | Killed a seven-headed hydra
  9571 | D        | Killed a golden dragon
  9581 | D        | Killed a golden dragon
  9588 | D        | Killed a quicksilver dragon
  9597 | D        | Killed an ice dragon
  9599 | D        | Killed a swamp dragon
  9609 | D        | Killed a shadow dragon
  9618 | D        | Killed an ice dragon
  9621 | D        | Killed a swamp dragon
  9622 | D        | Noticed a swamp dragon
  9628 | D        | Killed an ice dragon
  9634 | D        | Noticed a six-headed hydra
  9638 | D        | Killed an ice dragon
  9641 | D        | Killed a six-headed hydra
  9642 | D        | Noticed an eight-headed hydra
  9643 | D        | Killed a swamp dragon
  9649 | D        | Killed a quicksilver dragon
  9649 | D        | Received a gift from Okawaru
  9652 | D        | Killed an eight-headed hydra
  9657 | D        | Killed a swamp dragon
  9662 | D        | Killed a swamp dragon
  9668 | D        | Killed an ice dragon
  9670 | D        | Noticed a six-headed hydra
  9676 | D        | Killed a fire dragon
  9683 | D        | Killed an ice dragon
  9687 | D        | Killed a six-headed hydra
  9694 | D        | Killed an iron dragon
  9711 | D        | Killed an ice dragon
  9718 | D        | Noticed a shadow dragon
  9722 | D        | Noticed a golden dragon
  9722 | D        | Killed a golden dragon
  9887 | D        | Killed a shadow dragon
  9887 | D        | Received a gift from Okawaru
  9913 | D        | Killed a golden dragon
  9913 | D        | Reached XP level 19. HP: 205/207 MP: 34/34
  9927 | D        | Killed a shadow dragon
  9935 | D        | Killed a fire dragon
  9935 | D        | Received a gift from Okawaru
  9939 | D        | Killed a swamp dragon
  9955 | D        | Killed an ice dragon
  9961 | D        | Killed an ice dragon
 10131 | D        | Killed a fire dragon
 10201 | D        | Got a golden rune of Zot
 10208 | D        | Got the ring "Gibly" {Ice Str-5 Dex+3 Stlth+}
 10230 | D        | Got the ring of Vaymu {rC+ SInv}
 10245 | D        | Got a ring of the Octopus King {AC+1 EV+1 Str+1 Int+1 Dex+1 SInv}
 10401 | D        | Noticed a lich
 10401 | D        | Noticed the 27-headed Lernaean hydra
 10402 | D        | Noticed a green draconian
 10402 | D        | Noticed a vault guard
 10402 | D        | Noticed a bone dragon
 10402 | D        | Noticed a lorocyproca
 10402 | D        | Noticed a water elemental
 10403 | D        | Noticed an alligator snapping turtle
 10403 | D        | Noticed a hell beast
 10404 | D        | Killed a water elemental
 10405 | D        | Noticed an Executioner
 10406 | D        | Noticed a centaur warrior
 10408 | D        | Noticed a deep elf sorcerer
 10408 | D        | Noticed a Brimstone Fiend
 10412 | D        | Noticed a red draconian annihilator
 10417 | D        | Lost intelligence.
 10420 | D        | Noticed a green draconian scorcher
 10421 | D        | Killed the 27-headed Lernaean hydra
 10433 | D        | Noticed a mummy priest
 10434 | D        | Killed an Executioner
 10439 | D        | Killed a bone dragon
 10442 | D        | Killed a vault guard
 10444 | D        | Killed a lich
 10444 | D        | Reached skill level 27 in Throwing
 10444 | D        | Reached skill level 27 in Invocations
 10444 | D        | Killed from afar by a red draconian annihilator

Vault maps used:
D:        pitsprint

Action                   |  1- 3 |  4- 6 |  7- 9 | 10-12 | 13-15 | 16-18 | 19-21 || total
-------------------------+-------+-------+-------+-------+-------+-------+-------++-------
Melee: Mace              |    39 |    41 |    38 |       |       |       |       ||   118
       Flail             |     3 |       |       |       |       |   953 |    76 ||  1032
       Morningstar       |       |       |    57 |   173 |       |       |       ||   230
       Eveningstar       |       |       |       |   142 |   355 |    27 |       ||   524
Throw: Javelin           |       |       |       |       |     2 |    19 |       ||    21
Invok: Heroism           |       |     1 |     7 |    11 |     9 |     8 |     2 ||    38
       Finesse           |       |       |       |     7 |     9 |     9 |     2 ||    27
  Use: Potion            |     1 |     1 |     5 |     1 |     7 |     3 |       ||    18
       Scroll            |       |       |     1 |       |       |     7 |       ||     8
 Stab: Confused          |       |       |       |       |       |     4 |       ||     4
  Eat: Chunk             |       |     4 |     2 |     1 |     3 |     5 |     1 ||    16
       Bread ration      |       |       |     1 |     4 |       |     3 |     1 ||     9
       Beef jerky        |       |       |       |       |       |       |     1 ||     1
